 Dungeon Crawl Stone Soup version 0.30-a0-778-g2ef04afb54 (console) character file.

Game seed: 11505364452130388243

740 rlgrobin the Cleaver (level 8, -5/63 HPs)
             Began as a Meteoran Fighter on Feb 16, 2023.
             Slain by a steam dragon (9 damage)
             ... on level 6 of the Dungeon.
             The game lasted 00:05:14 (799 turns).

rlgrobin the Cleaver (Meteoran Fighter)              Turns: 799, Time: 00:05:14

Health: -5/63      AC: 14    Str: 21    XL:     8   Next: 25%
Magic:  9/9        EV:  5    Int:  9    God:
Gold:   47         SH:  5    Dex: 13    Spells: 7/7 levels left

rFire   . . .      SeeInvis .    a - +0 war axe
rCold   . . .      Faith    .    c - +0 buckler
rNeg    . . .      Spirit   .    k - +0 plate armour
rPois   .          Reflect  .    (no helmet)
rElec   .          Harm     .    e - +0 cloak
rCorr   .          Rampage  .    m - +1 Delatra's gloves {ID++}
Will    +....                    (no boots) Stlth
                                 (no amulet)
HPRegen 0.30/turn                (no ring)
MPRegen 0.11/turn                (no ring)

@: glowing
A: sense surroundings 1, otherworldly, glowing, explore regen
a: no special abilities


You were on level 6 of the Dungeon.
You visited 1 branch of the dungeon, and saw 6 of its levels.

You collected 47 gold pieces.

Inventory:

Hand Weapons
 a - a +0 war axe (weapon)
Armour
 c - a +0 buckler (worn)
 e - a +0 cloak (worn)
 k - a +0 plate armour (worn)
 m - the +1 Delatra's gloves (worn) {ID++}
   (You found it on level 3 of the Dungeon)

   ID++:      It heals its wearer when they drink unknown potions, and restores
   their MP when they read unknown scrolls.
Wands
 h - a wand of flame (26)
 o - a wand of paralysis (8)
Scrolls
 b - a scroll of teleportation {unknown}
 d - 2 scrolls of identify {unknown}
 f - a scroll of noise {unknown}
 g - a scroll of amnesia {unknown}
 i - a scroll of fog {unknown}
 n - a scroll of acquirement {unknown}
Potions
 j - a potion of heal wounds


   Skills:
 - Level 3.2 Fighting
 + Level 10.2 Axes
 - Level 3.6 Armour
 - Level 3.6 Shields


You had 7 spell levels left.
You didn't know any spells.
Your spell library was empty.

Dungeon Overview and Level Annotations

Branches:
Dungeon (6/15) Zot: 2765
 Temple: D:4-7

Altars:

Annotations:
D:3 Sigmund


Innate Abilities, Weirdness & Mutations

You passively map a small area around you.
You are easily found by Zot.
You glow in the dark.
You regain HP and MP as you explore.


Message History

The white imp shouts!
The white imp hits you but does no damage.
You hit the white imp.
The white imp is moderately wounded.
The white imp hits you but does no damage.
You closely miss the white imp.
The white imp is moderately wounded.
The white imp closely misses you.
A steam dragon comes into view.
You closely miss the white imp.
The white imp is moderately wounded.
The steam dragon hisses angrily.
The white imp hits you but does no damage.
The steam dragon breathes steam at you.
The ball of steam hits the white imp!
The white imp dies!
The ball of steam hits you. The steam dragon breathes steam at you.
The ball of steam hits you!!
You hear a shout!
You are engulfed in a cloud of scalding steam.
You are engulfed in a cloud of scalding steam.
You are too injured to fight recklessly!
You are too injured to fight recklessly!
You closely miss the steam dragon. The steam dragon bites you.
The steam dragon claws you but does no damage.
You hit the steam dragon.
The steam dragon is lightly wounded.
The steam dragon bites you!
The steam dragon claws you but does no damage.
You slash the steam dragon!
The steam dragon is moderately wounded.
An orc comes into view. It is wielding a +0 hand axe.
The steam dragon breathes steam at you. The ball of steam hits you!
* * * LOW HITPOINT WARNING * * *
You hear a shout!
The steam dragon attacks as you move away!
The steam dragon bites you!
You die...

, , ** #.....####..≈~≈
,.. **#........≈~≈ , .#
##.###.##≈~≈ ,< .. #.#
#...≈≈~ , , #.
##.#####.~≈≈ ** #.
###...........
#.####....########.
#..##..##.# ####.
#########@#..###.#
#.... * .........D..##
#.# ###.###
#.o....§##.# #.# #.<.#
#..<....##.# *#.# #...#
#.......§§§.....# #...#
#.....................#
#.......###.##........#
.....#..## *.# ###....#
.##.###.., .. ####.#


You could see a steam dragon (catching breath) and an orc.

Vanquished Creatures
  Prince Ribbit (D:5)
  Eustachio (D:5)
  A sky beast (D:4)
  An ice beast (D:4)
  A hound (D:5)
  A jelly (D:4)
  An orc priest (D:3)
  An iguana (D:6)
  2 orc wizards (D:3)
  3 adders
  A worm (D:2)
  A dart slug (D:1)
  5 orcs (D:3)
  2 bats
  2 endoplasms (D:3)
  A giant cockroach (D:2)
  2 goblins (D:4)
  3 hobgoblins
  5 jackals
  A quokka (D:4)
  3 ball pythons
  2 frilled lizards (D:3)
  3 kobolds
  2 rats
46 creatures vanquished.

Vanquished Creatures (others)
  A white imp (D:6)
  A demonic plant (D:2)
  3 plants (D:4)
5 creatures vanquished.

Grand Total: 51 creatures vanquished

Notes
Turn   | Place    | Note
-------+----------+-------------------------------------------
     0 | D:1      | rlgrobin the Meteoran Fighter began the quest for the Orb.
     0 | D:1      | Reached XP level 1. HP: 19/19 MP: 2/2
    86 | D:1      | Reached skill level 3 in Axes
    86 | D:1      | Reached XP level 2. HP: 26/26 MP: 3/3
   122 | D:1      | You fall into a shaft and drop 1 floor!
   191 | D:2      | Reached XP level 3. HP: 31/31 MP: 4/4
   215 | D:2      | Reached skill level 4 in Axes
   232 | D:2      | Found a faded altar of an unknown god.
   232 | D:2      | Noticed a ynoxinul
   239 | D:2      | Reached XP level 4. HP: 38/38 MP: 5/5
   433 | D:3      | Reached skill level 5 in Axes
   473 | D:3      | Reached XP level 5. HP: 24/45 MP: 6/6
   476 | D:3      | Reached skill level 6 in Axes
   483 | D:3      | Found the +1 Delatra's gloves {ID++}
   533 | D:3      | Noticed Sigmund
   590 | D:4      | Reached XP level 6. HP: 50/51 MP: 7/7
   613 | D:4      | Noticed an ice beast
   617 | D:4      | Noticed a sky beast
   632 | D:4      | Killed an ice beast
   633 | D:4      | Reached skill level 7 in Axes
   652 | D:4      | Killed a sky beast
   653 | D:4      | Reached skill level 8 in Axes
   653 | D:4      | Reached XP level 7. HP: 41/57 MP: 8/8
   691 | D:5      | Entered Level 5 of the Dungeon
   702 | D:5      | Noticed Prince Ribbit
   704 | D:5      | Noticed Eustachio
   717 | D:5      | Killed Prince Ribbit
   718 | D:5      | Reached skill level 9 in Axes
   724 | D:5      | Killed Eustachio
   725 | D:5      | Reached skill level 10 in Axes
   725 | D:5      | Reached XP level 8. HP: 58/63 MP: 9/9
   784 | D:6      | Noticed a steam dragon
   799 | D:6      | Slain by a steam dragon

Illustrated notes

Levels and vault maps discovered:
D:1:      roderic_octagonal_star, layout_loops_ring
D:2:      layout_loops_ring, dreamdust_ecumenical_altar_sealed_demon,
          st_stairs_4, minivault_14, minmay_misc_feat_more_columns, minivault_5
D:3:      layout_basic, nicolae_overflow_ecumenical_swirl,
          pf_guarded_unrand_delatra, uniq_sigmund
D:4:      layout_loops_ring, grunt_temple_overflow_champion_of_chaos,
          minmay_temple_entry_statues_fountains, serial_shops,
          kennysheep_little_box, kennysheep_doodads, hangedman_decor_riveting,
          chequers_big_river, st_stairs_14, minivault_23, uniq_edmund
D:5:      layout_basic, grunt_dithmenos_smoke_and_mirrors,
          ebering_ghost_sewer_f, serial_shops, nicolae_stop_n_shop_2,
          uniq_prince_ribbit1, uniq_eustachio
D:6:      nicolae_whirlpool, layout_rooms

Skill      XL: |  1  2  3  4  5  6  7 |
---------------+----------------------+-----
Axes           | 3 4 5 6 8 10 | 10.2
Fighting       | |  3.2
Armour         | |  3.6
Shields        | |  3.6

Action                     |  1- 3 |  4- 6 |  7- 9 || total
---------------------------+-------+-------+-------++-------
  Melee: War axe           |    44 |    65 |    36 ||   145
  Evoke: Wand              |       |       |     4 ||     4
    Use: Potion            |       |     2 |     1 ||     3
   Stab: Paralysed         |       |       |     6 ||     6
 Armour: Scale mail        |    32 |       |       ||    32
         Plate armour      |       |    49 |    39 ||    88
  Dodge: Dodged            |    15 |    13 |    16 ||    44
  Block: Buckler           |    12 |    19 |     8 ||    39

Table legend: (Time is in decaauts)
 A = Elapsed time spent in this place.
 B = Non-inter-level travel time spent in this place.
 C = Inter-level travel time spent in this place.
 D = Time resting spent in this place.
 E = Time spent auto-exploring this place.
 F = Levels seen in this place.
 G = Mean time per level.
                   A        B        C        D        E       F      G
               +--------+--------+--------+--------+--------+-----+--------+
         Total |    834 |    834 |      0 |      0 |      0 |   6 |  139.0 |
       Dungeon |    834 |    834 |      0 |      0 |      0 |   6 |  139.0 |
               +--------+--------+--------+--------+--------+-----+--------+

Top non-repeatable levels by time:
     D:3: 320 daAuts
     D:2: 144 daAuts
     D:4: 134 daAuts
     D:1: 127 daAuts
     D:6: 58 daAuts
     D:5: 50 daAuts
